Unix xNetHack Version 8.0.0 - last build Jun 13 2023 11:06:09 (4b7ecc64c373f7294607d497be3f7ce1783331ac). Game began 2023-06-25 19:33:40, ended 2023-06-25 19:49:08. Moult, neutral male gnomish Healer ---- ----- .. ...| . -...| . |...| . ...| . |...| |...| |...| |...| |.... |...| | - ------+- - ----- --...| |).%.......................a@...| | ---- ----- ----- - -----...| -----|----.- |..-...|## #|..........| |..|....####-..........| -------- |......<...| ------------ Moult the Rhizotomist St:7 Dx:13 Co:13 In:13 Wi:17 Ch:12 Neutral S:310 Dlvl:7 $:1731 HP:0(12) Pw:7(7) AC:8 Xp:1/0 T:978 Latest messages: The gecko is killed! The newt turns to flee. The hobbit wields a sling! You descend the stairs. You swap places with your dog. You hear crashing rock. What do you want to write with? [- agnouzA or ?*] - You write in the dust with your fingertip. A gush of water hits the dog! There is a staircase down here. Something is written here in the dust. You read: "Elberet"". What do you want to write with? [- agnouzA or ?*] - Do you want to add to the current engraving? n You wipe out the message that was written in the dust here. You write in the dust with your fingertip. The giant rat turns to flee. There is a staircase down here. Something is written here in the dust. You read: "Elbereth". The dog bites the gnome. The giant rat turns to flee. The dog bites the gnome. The gnome is killed! Pick an object. You descend the stairs. You hear someone praising Athena. You are beginning to feel weak from hunger. You drop 5 uncursed apples {10}. You drop 3 food rations {60}. You drop a pancake {2}. You drop an egg {1}. Are you sure you want to pray? y You begin praying to Hermes. You are surrounded by a shimmering light. You have an eerie feeling... You finish your prayer. You feel that Hermes is pleased. Your stomach feels content. k - 5 uncursed apples {10}. l - 3 food rations {60}. B - a pancake {2}. q - an egg {1}. What do you want to name? [a-cgklnoq-zAB or ?*] s What do you want to write with? [- agnouzA or ?*] - You write in the dust with your fingertip. The soldier ant bites! The soldier ant stings! You die... Do you want your possessions identified? q Inventory: Inventory: 207/550 weight (20/52 slots) Coins $ - 1731 gold pieces {17} Weapons z - a +0 elven dagger {10} a - a +0 scalpel (weapon in hand) {5} Armor w - an uncursed +0 pair of gauntlets of dexterity {10} x - an uncursed +0 pair of gauntlets of power {30} b - an uncursed +1 pair of leather gloves (being worn) {8} y - an uncursed +0 leather cloak of displacement {15} Comestibles k - 5 uncursed apples {10} l - 3 uncursed food rations {60} B - an uncursed pancake {2} q - an uncursed egg {1} Scrolls c - an uncursed scroll of destroy armor {5} r - a blessed scroll of genocide {5} v - a cursed scroll of teleportation {5} Wands u - a wand of secret door detection (0:14) {7} g - a wand of sleep (0:5) {7} Tools t - an uncursed blindfold named !c {2} s - an uncursed stethoscope named 970 {4} n - a cursed towel {2} Gems/Stones o - a cursed worthless piece of red glass {1} A - an uncursed worthless piece of yellowish brown glass {1} Moult the Healer's attributes: Background: You were a Rhizotomist, a level 1 male gnomish Healer. You were neutral, on a mission for Hermes who was opposed by Athena (lawful) and Poseidon (chaotic). You were heterosexual. You were in the Gnomish Mines, on level 7. You entered the dungeon 978 turns ago. You had 0 experience points, 20 were needed to attain level 2. Your score was 310 before end-of-game adjustments. Basics: You had 0 out of 12 hit points. You had all 7 energy points (spell power). Your armor class was 8. Your wallet contained 1731 zorkmids. Autopickup was on for '_' plus thrown, with exceptions. Final Characteristics: Your strength was 7 (limit:18/50). Your dexterity was 13 (limit:18). Your constitution was 13 (limit:18). Your intelligence was 13 (limit:19). Your wisdom was 17 (limit:18). Your charisma was 12 (limit:18). Final Status: You were not hungry. You were unencumbered. You were wielding a knife. You had basic skill with knife. Final Attributes: You were fervently aligned. You were poison resistant. You had infravision. You are dead. Miscellaneous: You encountered 1 bones level. Total elapsed playing time was 9 minutes and 13 seconds. Major events: Turn 1: Moult the neutral male gnomish Healer entered the dungeon 906: entered the Gnomish Mines 978: killed by a soldier ant Vanquished creatures: a shrieker a hobbit 3 giant rats a gnome a gnome zombie 2 geckos 3 jackals a fox a goblin 2 grid bugs a kobold zombie 2 newts 19 creatures vanquished. No species were genocided or became extinct. Voluntary challenges: You never hit with a wielded weapon. You were a pacifist. You read items or engraved 13 times. You never genocided any monsters. You never polymorphed an object. You never changed form. You never touched an artifact. You used no wishes. You were celibate. You never generated conflict. Achievements: You entered a shop. You entered the Gnomish Mines. Dungeon overview: The Dungeons of Doom: levels 1 to 5 Level 1: "vault" Some fountains. Level 2: A delicatessen, a fountain. Level 3: An armor shop, a fountain. Level 4: A grave. Stairs down to The Gnomish Mines. Level 5: The Gnomish Mines: levels 5 to 7 Level 5: Level 6: Level 7: <- You were here. Final resting place for you, killed by a soldier ant, Gouhan-Sam-Hum-Mal-Law, killed by a soldier ant, oh6-Rog-Orc-Fem-Cha, killed by a watchman. Game over: __________ / \ / REST \ / IN \ / PEACE \ / \ | Moult | | 1731 Au | | killed by a | | soldier ant | | | | | | 2023 | *| * * * | * _________)/\\_//(\/(/\)/\//\/|_)_______ Goodbye Moult the Healer... You died in The Gnomish Mines on dungeon level 7 with 310 points, and 1731 pieces of gold, after 978 moves. You were level 1 with a maximum of 12 hit points when you died.